 Dungeon Crawl Stone Soup version 0.26-a0-682-g294304f6e8 (webtiles) character file.

Game seed: 16156219228388890061

47 dickylongcocking the Ducker (level 3, 0/19 HPs)
             Began as a Spriggan Gladiator on Oct 21, 2020.
             Slain by a goblin
             ... wielding a +0 dagger
              (4 damage)
             ... on level 1 of the Dungeon.
             The game lasted 00:00:51 (1184 turns).

dickylongcocking the Ducker (Spriggan Gladiator)    Turns: 1184, Time: 00:00:51

Health: 0/19       AC:  2    Str: 11    XL:     3   Next: 48%
Magic:  13/13      EV: 20    Int:  9    God:
Gold:   39         SH:  0    Dex: 17    Spells: 2/2 levels left

rFire    . . .     SeeInvis +   a - +0 quarterstaff
rCold    . . .     Faith    .   (shield currently unavailable)
rNeg     . . .     Spirit   .   b - +0 robe
rPois    .         Reflect  .   c - +0 hat
rElec    .         Harm     .   (no cloak)
rCorr    .         Rampage  .   (gloves unavailable)
MR       .....                  (boots unavailable)
Stlth    ++........             (no amulet)
HPRegen  0.06/turn              g - ring of magical power
MPRegen  0.13/turn              (no ring)

@: very quick
A: very small, unfitting armour, see invisible, speed 3
a: no special abilities


You were on level 1 of the Dungeon.
You visited 1 branch of the dungeon, and saw 1 of its levels.

You collected 39 gold pieces.

Inventory:

Hand Weapons
 a - a +0 quarterstaff (weapon)
Missiles
 d - 2 throwing nets (quivered)
Armour
 b - a +0 robe (worn)
 c - a +0 hat (worn)
Jewellery
 g - a ring of magical power (left hand)
Scrolls
 e - a scroll of identify {unknown}
 f - a scroll of teleportation {unknown}
 h - a scroll of fog {unknown}
 i - a scroll of random uselessness {unknown}
 j - a scroll of magic mapping {unknown}


   Skills:
 * Level 2.4 Fighting
 * Level 2.9 Staves
 - Level 2.0 Throwing
 - Level 4.4 Dodging


You had 2 spell levels left.
You didn't know any spells.
Your spell library was empty.

Dungeon Overview and Level Annotations

Branches:
Dungeon (1/15)

Altars:


Innate Abilities, Weirdness & Mutations

You are very small and have problems with some larger weapons.
You are too small for most types of armour.
You have supernaturally acute eyesight. (SInv)
You cover ground extremely quickly.


Message History

The goblin misses you. The leopard gecko barely misses you.
You are too injured to fight recklessly!
You thump the leopard gecko!
You kill the leopard gecko!
A frilled lizard comes into view.
The goblin hits you with a +0 dagger.
You are too injured to fight recklessly!
You are too injured to fight recklessly!
The goblin hits you with a +0 dagger.
* * * LOW HITPOINT WARNING * * *
Items here: ( ) ††.
You are too injured to fight recklessly!
Unknown command.
You closely miss the frilled lizard. The goblin closely misses you.
The frilled lizard completely misses you.
The goblin hits you but does no damage.
You completely miss the frilled lizard.
The frilled lizard bites you but does no damage.
The goblin hits you with a +0 dagger.
You die...

... #.. ... ..
# .# ..
#.###.# #...
#...!(#....# #
#)g.....#. #.#
#@###.#..
#...#l.#...
#....#.# .
####...# ..
####..##.# ...
#........# ..
#.##########.#
#............#
#.......#.####


You could see a goblin and a frilled lizard.

Vanquished Creatures
  A gnoll (D:1)
  A dart slug (D:1)
  3 leopard geckos (D:1)
  A giant cockroach (D:1)
  5 goblins (D:1)
  8 hobgoblins (D:1)
  3 jackals (D:1)
  3 bats (D:1)
  A frilled lizard (D:1)
  3 kobolds (D:1)
  2 rats (D:1)
31 creatures vanquished.

Notes
Turn   | Place    | Note
-------+----------+-------------------------------------------
     0 | D:1      | dickylongcocking the Spriggan Gladiator began the quest for
                  | the Orb.
     0 | D:1      | Reached XP level 1. HP: 10/10 MP: 2/2
   336 | D:1      | Reached XP level 2. HP: 15/15 MP: 3/3
   794 | D:1      | Reached XP level 3. HP: 11/18 MP: 4/4
  1184 | D:1      | Slain by a goblin

Illustrated notes

Levels and vault maps discovered:
D:1:      ncdulo_smallfort, layout_loops_ring, hangedman_decor_slide_cut,
          minmay_pentomino_t4

Skill      XL: |  1  2 |
---------------+-------+-----
Fighting       | 2 |  2.4
Staves         | |  2.9
Throwing       | |  2.0
Dodging        | |  4.4

Action                   || total
-------------------------++-------
Melee: Quarterstaff      ||   102
Throw: Throwing net      ||     3
Armor: Robe              ||     8
Dodge: Dodged            ||   106

Table legend: (Time is in decaauts)
 A = Elapsed time spent in this place.
 B = Non-inter-level travel time spent in this place.
 C = Inter-level travel time spent in this place.
 D = Time resting spent in this place.
 E = Time spent auto-exploring this place.
 F = Levels seen in this place.
 G = Mean time per level.
                   A        B        C        D        E       F      G
               +--------+--------+--------+--------+--------+-----+--------+
         Total |   1097 |   1097 |      0 |    313 |    600 |   1 | 1097.0 |
       Dungeon |   1097 |   1097 |      0 |    313 |    600 |   1 | 1097.0 |
               +--------+--------+--------+--------+--------+-----+--------+

Top non-repeatable levels by time:
     D:1: 1097 daAuts
